 Dungeon Crawl Stone Soup version 0.29.0-13-gc9e81de378 (webtiles) character file.

Game seed: 15537330391630461498

201 RascalDebosk the Cudgeller (level 5, 0/50 HPs)
             Began as a Troll Gladiator on Sept 8, 2022.
             Slain by an ogre
             ... wielding a +0 giant club
              (28 damage)
             ... on level 4 of the Dungeon.
             The game lasted 00:15:04 (1961 turns).

RascalDebosk the Cudgeller (Troll Gladiator)        Turns: 1961, Time: 00:15:05

Health: 0/50       AC:  4    Str: 22    XL:     5   Next: 50%
Magic:  4/4        EV: 10    Int:  6    God:
Gold:   28         SH:  0    Dex: 11    Spells: 4/4 levels left

rFire   . . .      SeeInvis .   k - +2 mace (holy)
rCold   . . .      Faith    .   (no shield)
rNeg    . . .      Spirit   .   q - +0 robe
rPois   .          Reflect  .   c - +0 hat
rElec   .          Harm     .   (no cloak)
rCorr   .          Rampage  .   (gloves unavailable)
Will    .....                   (boots unavailable)
Stlth   +.........              o - amulet of regeneration
HPRegen 1.76/turn               (no ring)
MPRegen 0.09/turn               (no ring)

@: no status effects
A: large, unfitting armour, claws 3, regeneration 1, shaggy fur 1, tough skin 1
a: no special abilities


You were on level 4 of the Dungeon.
You visited 1 branch of the dungeon, and saw 4 of its levels.

You collected 51 gold pieces.
You spent 23 gold pieces at shops.

Inventory:

Hand Weapons
 a - a +0 flail
 k - a +2 mace of holy wrath (weapon)
Missiles
 d - 3 throwing nets
 e - a large rock
 j - 8 poisoned darts (quivered)
Armour
 b - a +0 robe
 c - a +0 hat (worn)
 q - a +0 robe (worn)
Jewellery
 o - an amulet of regeneration (around neck)
Scrolls
 h - a scroll of summoning {unknown}
 i - 3 scrolls of identify {unknown}
 m - a scroll of fog {unknown}
 t - a scroll of teleportation {unknown}
Potions
 f - 3 potions of heal wounds {unknown}
 g - 3 potions of degeneration {unknown}
 l - 2 potions of curing {unknown}
 n - a potion of mutation {unknown}
 p - 3 potions of lignification {unknown}
 r - a potion of brilliance {unknown}
 s - a potion of invisibility {unknown}
 u - a potion of might {unknown}


   Skills:
 + Level 2.7 Fighting
 + Level 3.7 Maces & Flails
 + Level 2.9 Throwing
 + Level 3.3 Dodging


You had 4 spell levels left.
You didn't know any spells.
Your spell library was empty.

Dungeon Overview and Level Annotations

Branches:
Dungeon (4/15)
 Temple: D:4-7

Altars:
The Shining One

Shops:
D:1 (   D:2 **=


Innate Abilities, Weirdness & Mutations

You are too large for most types of armour.
You have claws for hands.
Your natural rate of healing is unusually fast.
You are covered in fur. (AC +1)
You have tough skin. (AC +1)


Message History

The goblin shouts!
You hear a shout!
Found a murky ruby potion.
There is a stone staircase leading up here.
You see here a murky ruby potion.
u - a murky ruby potion A kobold comes into view.
It is wielding a +0 dagger.
The kobold shouts!
A dart slug comes into view.
You miss the goblin. The goblin hits you but does no damage.
You miss the goblin. The goblin hits you with a +0 dagger.
You hit the goblin.
The goblin is moderately wounded.
The goblin hits you but does no damage.
You barely miss the goblin.
The goblin is moderately wounded.
The goblin hits you but does no damage. The kobold hits you with a +0 dagger.
An ogre comes into view. It is wielding a +0 giant club.
You closely miss the goblin.
The goblin is moderately wounded.
The ogre shouts!
The kobold hits you with a +0 dagger. The goblin completely misses you.
The goblin barely misses you. The kobold hits you but does no damage.
You thump the goblin!
You kill the goblin!
The kobold barely misses you.
There is a stone staircase leading up here.
The kobold closely misses you.
You climb upwards.
There is a stone staircase leading down here.
You sock the kobold!
You kill the kobold!
You climb downwards.
The ogre hits you with a +0 giant club.
There is a stone staircase leading up here.
You barely miss the ogre.
The ogre hits you with a +0 giant club!!
You sock the ogre!
The ogre is heavily wounded.
The ogre hits you with a +0 giant club!!
Ouch! That really hurt!
You die...

##### ....# ..
##.... ...
###....
...##...#.#### #
.............#..
................
................
........@....#.
......wO.....#
...#...).......#
.. #.........###
. .............
##.............
#..#.#..#..##..
...#..#.###.# ..
........# ..


You could see an ogre and a dart slug.

Vanquished Creatures
  A phantom (D:3)
  An orc priest (D:3)
  4 adders
  3 dart slugs
  4 orcs (D:3)
  3 ball pythons
  2 bats
  An endoplasm (D:2)
  4 giant cockroaches
  4 hobgoblins
  4 jackals (D:1)
  5 kobolds
  4 quokkas
  4 goblins
  7 rats
51 creatures vanquished.

Notes
Turn   | Place    | Note
-------+----------+-------------------------------------------
     0 | D:1      | RascalDebosk the Troll Gladiator began the quest for the
                  | Orb.
     0 | D:1      | Reached XP level 1. HP: 19/19 MP: 0/0
   146 | D:1      | You fall into a shaft and drop 1 floor!
   171 | D:2      | Reached XP level 2. HP: 22/28 MP: 1/1
   189 | D:2      | Found Miruw's Jewellery Boutique.
   343 | D:1      | Found Ecefuck's Antique Weapon Boutique.
   558 | D:2      | Reached XP level 3. HP: 35/35 MP: 2/2
   687 | D:2      | Found Evoh's Assorted Antiques.
   696 | D:2      | Bought a glowing white potion for 23 gold pieces
   725 | D:2      | Found Liesm's General Store.
  1188 | D:3      | Reached XP level 4. HP: 42/42 MP: 3/3
  1545 | D:3      | Found a glowing golden altar of the Shining One.
  1686 | D:3      | Noticed a phantom
  1697 | D:3      | Killed a phantom
  1698 | D:3      | Reached XP level 5. HP: 43/50 MP: 4/4
  1951 | D:4      | Noticed an ogre
  1961 | D:4      | Slain by an ogre

Illustrated notes

Levels and vault maps discovered:
D:1:      lemuel_arrival_funnel, layout_rooms, serial_shops, shop_fountains
D:2:      layout_loops_ring, serial_shops, nicolae_diamond_shop,
          nicolae_lakefront_shop, nicolae_shop_behind_doors
D:3:      layout_basic, nicolae_tso_carved_into_rock
D:4:      layout_rooms, bloody_trog, minmay_temple_entry_mist

Skill      XL: |  1  2  3  4 |
---------------+-------------+-----
Throwing       | 2 |  2.9
Maces & Flails | 3 |  3.7
Fighting       | 2 |  2.7
Dodging        | 3 |  3.3

Action                   |  1- 3 |  4- 6 || total
-------------------------+-------+-------++-------
Melee: Flail             |    46 |       ||    46
       Punch             |     1 |       ||     1
       Mace              |    68 |    47 ||   115
Throw: Dart              |       |     9 ||     9
       Large rock        |       |     1 ||     1
Armor: Robe              |    39 |    22 ||    61
Dodge: Dodged            |    69 |    29 ||    98
